12 | 0:00 | Drone | |
13 | 0:12 | Overlord | |
13 | 0:16 | Drone | |
14 | 0:31 | Drone x2 | |
14 | 0:34 | Drone | |
17 | 0:53 | Hatchery | |
17 | 0:57 | Drone | |
17 | 1:13 | Spawning Pool | |
17 | 1:15 | Drone | |
17 | 1:18 | Extractor | |
17 | 1:22 | Drone | |
18 | 1:25 | Drone | |
18 | 1:29 | Drone | |
19 | 1:38 | Overlord | |
19 | 1:49 | Drone | |
20 | 2:00 | Zergling x2 | |
21 | 2:02 | Queen | |
21 | 2:04 | Drone | |
24 | 2:17 | Queen | |
26 | 2:22 | Extractor | |
26 | 2:23 | Drone | |
26 | 2:27 | Drone | |
26 | 2:29 | Drone | |
28 | 2:34 | Drone | |
29 | 2:47 | Drone, Roach Warren | |
29 | 2:50 | Drone | |
30 | 2:54 | Zergling x2 | |
30 | 2:56 | Zergling x2 | |
32 | 3:04 | Overlord | |
32 | 3:07 | Drone | |
32 | 3:09 | Drone | |
34 | 3:28 | Roach | |
34 | 3:29 | Roach x3 | |
34 | 3:34 | Lair | |
42 | 3:38 | Overlord | |
42 | 3:43 | Overlord | |
42 | 3:46 | Zergling x2 | |
43 | 3:48 | Zergling x2 | |
44 | 3:56 | Zergling x2 | |
44 | 3:57 | Drone x2 | |
44 | 3:58 | Drone | |
44 | 4:01 | Drone | |
49 | 4:03 | Drone | |
49 | 4:08 | Overlord | |
50 | 4:13 | Roach | |
54 | 4:17 | Roach | |
54 | 4:21 | Roach | |
54 | 4:23 | Roach | |
58 | 4:27 | Overlord | |
58 | 4:33 | Drone | |
58 | 4:34 | Hydralisk Den | |
58 | 4:35 | Drone | |
58 | 4:37 | Drone | |
60 | 4:41 | Roach | |
60 | 4:44 | Roach | |
64 | 4:49 | Overlord | |
64 | 5:02 | Hydralisk, Drone | |
64 | 5:03 | Hydralisk | |
64 | 5:04 | Drone | |
64 | 5:05 | Drone | |
71 | 5:14 | Drone | |
72 | 5:15 | Drone | |
72 | 5:18 | Drone x2, Overlord | |
75 | 5:26 | Drone x2 | |
77 | 5:36 | Drone, Ravager x2 | |
77 | 5:37 | Overlord | |
80 | 5:45 | Extractor | |
80 | 5:46 | Hydralisk x2 | |
80 | 5:47 | Drone | |
80 | 5:48 | Drone, Infestation Pit, Roach | |
86 | 5:58 | Hydralisk, Overlord, Extractor | |
87 | 6:09 | Drone x2 | |
89 | 6:14 | Metabolic Boost | |
89 | 6:15 | Hydralisk, Drone | |
89 | 6:16 | Drone | |
93 | 6:20 | Drone | |
93 | 6:21 | Overlord | |
94 | 6:30 | Drone | |
94 | 6:32 | Drone, Evolution Chamber | |
96 | 6:37 | Evolution Chamber | |
94 | 6:40 | Evolution Chamber | |
94 | 6:41 | Drone | |
94 | 6:42 | Drone | |
94 | 6:43 | Hydralisk | |
94 | 6:44 | Drone, Infestor | |
100 | 6:52 | Drone | |
101 | 6:54 | Drone | |
101 | 6:58 | Zerg Missile Weapons Level 1 | |
101 | 7:00 | Spine Crawler | |
101 | 7:03 | Zerg Melee Weapons Level 1, Drone | |
101 | 7:04 | Infestor | |
101 | 7:05 | Spine Crawler | |
103 | 7:12 | Hydralisk, Overseer, Overlord | |
105 | 7:16 | Infestor | |
107 | 7:30 | Drone, Infestor, Hatchery | |
109 | 7:44 | Spore Crawler | |
109 | 7:45 | Drone, Zerg Ground Armor Level 1 | |
109 | 7:47 | Drone, Spore Crawler, Overlord, Roach | |
109 | 7:49 | Roach | |
115 | 7:51 | Roach | |
115 | 7:56 | Hydralisk | |
117 | 8:00 | Hydralisk | |
117 | 8:05 | Overlord | |
119 | 8:16 | Lurker Den | |
119 | 8:19 | Spine Crawler | |
117 | 8:21 | Drone | |
118 | 8:37 | Queen | |
120 | 8:42 | Drone | |
120 | 8:43 | Drone x4, Overlord | |
120 | 8:44 | Drone x3 | |
120 | 8:45 | Drone x2 | |
120 | 8:48 | Drone | |
131 | 8:51 | Extractor | |
131 | 8:52 | Drone, Extractor | |
131 | 8:53 | Drone | |
131 | 8:59 | Drone | |
132 | 9:03 | Overlord | |
132 | 9:04 | Drone | |
132 | 9:07 | Drone x2 | |
132 | 9:08 | Drone | |
136 | 9:10 | Zerg Melee Weapons Level 2, Drone | |
136 | 9:14 | Drone | |
136 | 9:15 | Drone, Hive | |
139 | 9:21 | Drone, Zerg Missile Weapons Level 2 | |
139 | 9:24 | Overlord | |
139 | 9:25 | Drone | |
132 | 9:32 | Zergling x2 | |
132 | 9:34 | Spine Crawler, Pathogen Glands | |
132 | 9:35 | Zergling x4, Roach | |
132 | 9:36 | Zergling x2, Drone | |
123 | 9:44 | Hydralisk x2, Roach | |
123 | 9:45 | Roach | |
127 | 9:46 | Roach | |
127 | 9:48 | Roach | |
129 | 9:54 | Roach | |
129 | 9:56 | Hydralisk | |
129 | 9:58 | Hydralisk | |
115 | 10:03 | Ravager | |
115 | 10:04 | Zergling x2, Roach x2 | |
115 | 10:06 | Zergling x2 | |
119 | 10:07 | Roach | |
119 | 10:08 | Ravager | |
119 | 10:10 | Roach | |
118 | 10:16 | Hydralisk, Roach x2 | |
118 | 10:17 | Zergling x2 | |
118 | 10:19 | Roach | |
118 | 10:20 | Zergling x2 | |
127 | 10:27 | Zergling x2 | |
125 | 10:29 | Infestor | |
125 | 10:31 | Zergling x2, Spine Crawler | |
125 | 10:33 | Zergling x6 | |
125 | 10:35 | Overseer | |
128 | 10:38 | Infestor | |
128 | 10:41 | Roach | |
128 | 10:42 | Roach | |
124 | 10:46 | Lurker | |
124 | 10:47 | Hydralisk, Infestor | |
124 | 10:48 | Roach | |
124 | 10:49 | Roach | |
130 | 10:52 | Hydralisk, Zergling x2 | |
130 | 10:53 | Spine Crawler | |
130 | 10:54 | Spine Crawler | |
131 | 10:59 | Hydralisk | |
131 | 11:01 | Hydralisk x2 | |
131 | 11:02 | Hydralisk | |
139 | 11:08 | Infestor | |
139 | 11:10 | Spine Crawler | |
140 | 11:11 | Hydralisk | |
140 | 11:12 | Spore Crawler | |
140 | 11:13 | Spine Crawler | |
140 | 11:14 | Hydralisk | |
142 | 11:21 | Overlord, Lurker | |
142 | 11:24 | Hydralisk | |
145 | 11:33 | Spore Crawler | |
145 | 11:35 | Spore Crawler | |
145 | 11:36 | Viper, Spore Crawler | |
145 | 11:39 | Spore Crawler | |
144 | 11:48 | Viper | |
147 | 11:54 | Spine Crawler | |
147 | 12:01 | Hatchery | |
145 | 12:02 | Zerg Melee Weapons Level 3, Hatchery | |
145 | 12:06 | Spore Crawler | |
145 | 12:07 | Drone | |
144 | 12:14 | Zerg Missile Weapons Level 3 | |
144 | 12:20 | Queen | |
146 | 12:33 | Spore Crawler | |
145 | 12:48 | Drone, Spine Crawler | |
145 | 12:50 | Spore Crawler | |
145 | 12:51 | Drone, Roach | |
145 | 12:52 | Spine Crawler | |
145 | 12:53 | Drone | |
147 | 13:16 | Queen, Drone x2 | |
147 | 13:17 | Drone x4, Spore Crawler | |
147 | 13:18 | Drone x5 | |
147 | 13:19 | Drone x3, Overlord | |
163 | 13:20 | Drone x3 | |
163 | 13:21 | Overseer, Drone x2, Pneumatized Carapace | |
163 | 13:23 | Drone, Extractor | |
163 | 13:26 | Hatchery | |
166 | 13:28 | Drone | |
166 | 13:34 | Overseer | |
167 | 13:39 | Spore Crawler | |
166 | 13:41 | Drone | |
167 | 13:57 | Extractor | |
167 | 13:58 | Drone | |
167 | 14:02 | Zerg Ground Armor Level 2 | |
167 | 14:04 | Overlord | |
167 | 14:05 | Roach x3, Ravager | |
167 | 14:06 | Zergling x2, Roach, Spore Crawler | |
167 | 14:07 | Drone | |
176 | 14:11 | Ultralisk Cavern | |
176 | 14:12 | Drone | |
176 | 14:24 | Overlord | |
176 | 14:34 | Roach, Ravager | |
176 | 14:37 | Roach | |
176 | 14:38 | Roach | |
183 | 14:39 | Hydralisk, Queen | |
183 | 14:42 | Hydralisk | |
183 | 14:43 | Zergling x2, Extractor | |
188 | 14:45 | Drone | |
188 | 14:46 | Extractor | |
188 | 14:48 | Drone | |
188 | 14:53 | Drone, Infestor, Roach | |
188 | 14:56 | Drone, Spire | |
188 | 14:57 | Roach | |
188 | 14:59 | Drone | |
192 | 15:00 | Drone, Ultralisk | |
192 | 15:01 | Drone x4, Baneling Nest | |
192 | 15:02 | Zergling x2, Drone, Hatchery | |
192 | 15:03 | Zergling x4, Drone | |
192 | 15:04 | Zergling x2 | |
192 | 15:05 | Zergling x6 | |
192 | 15:06 | Drone | |
198 | 15:08 | Drone x2 | |
198 | 15:09 | Zergling x2, Drone x2 | |
198 | 15:10 | Zergling x2 | |
198 | 15:11 | Drone | |
198 | 15:12 | Zergling x2, Drone | |
198 | 15:13 | Drone x2, Roach | |
190 | 15:15 | Roach | |
190 | 15:17 | Drone | |
190 | 15:19 | Drone | |
147 | 15:30 | Drone | |
147 | 15:32 | Hydralisk | |
147 | 15:34 | Drone | |
128 | 15:35 | Drone | |
128 | 15:38 | Roach | |
128 | 15:39 | Zergling x2 | |
128 | 15:41 | Roach | |
130 | 15:44 | Hydralisk | |
130 | 15:47 | Zergling x2 | |
130 | 15:48 | Hydralisk | |
132 | 15:51 | Drone | |
132 | 15:53 | Roach | |
132 | 15:54 | Roach | |
132 | 15:56 | Drone | |
123 | 15:58 | Drone | |
123 | 15:59 | Drone | |
123 | 16:00 | Drone | |
123 | 16:02 | Drone | |
123 | 16:03 | Hydralisk | |
125 | 16:05 | Drone | |
125 | 16:07 | Roach | |
125 | 16:09 | Roach | |
126 | 16:11 | Zergling x2 | |
126 | 16:12 | Zergling x4, Roach | |
126 | 16:13 | Zergling x6, Roach | |
126 | 16:14 | Zergling x2 | |
126 | 16:15 | Zergling x2 | |
126 | 16:16 | Zergling x2 | |
126 | 16:18 | Roach | |
141 | 16:20 | Zergling x2, Roach | |
141 | 16:22 | Roach | |
141 | 16:25 | Hydralisk | |
145 | 16:27 | Roach | |
145 | 16:28 | Hatchery | |
145 | 16:29 | Drone | |
145 | 16:31 | Roach | |
141 | 16:33 | Roach | |
141 | 16:35 | Hydralisk | |
141 | 16:38 | Hydralisk | |
136 | 16:40 | Infestor | |
136 | 16:42 | Infestor | |
136 | 16:45 | Hydralisk | |
129 | 16:47 | Roach | |
129 | 16:49 | Roach | |
129 | 16:51 | Roach | |
129 | 16:52 | Roach | |
129 | 16:54 | Roach | |
134 | 16:56 | Roach | |
134 | 16:57 | Roach | |
134 | 16:59 | Hydralisk | |
134 | 17:01 | Hydralisk | |
140 | 17:03 | Hydralisk | |
140 | 17:05 | Hydralisk | |
140 | 17:06 | Ravager | |
140 | 17:07 | Infestor, Ravager | |
150 | 17:09 | Infestor | |
150 | 17:14 | Spine Crawler | |
152 | 17:15 | Drone | |
152 | 17:16 | Hydralisk | |
152 | 17:17 | Spine Crawler | |
152 | 17:18 | Drone | |
152 | 17:19 | Hydralisk | |
152 | 17:21 | Lurker | |
152 | 17:22 | Hydralisk | |
157 | 17:24 | Viper | |
162 | 17:31 | Zerg Ground Armor Level 3 | |
162 | 17:33 | Neural Parasite | |
162 | 17:35 | Glial Reconstitution | |
162 | 17:43 | Drone, Spine Crawler | |
162 | 17:45 | Spine Crawler | |
162 | 17:46 | Drone | |
162 | 17:47 | Spine Crawler | |
162 | 17:48 | Drone | |
168 | 17:51 | Ultralisk | |
168 | 17:57 | Ultralisk | |
174 | 18:03 | Ultralisk | |
180 | 18:06 | Spore Crawler | |
180 | 18:07 | Drone | |
180 | 18:11 | Ultralisk | |
186 | 18:16 | Ultralisk | |
192 | 18:20 | Spore Crawler | |
192 | 18:21 | Drone, Spore Crawler | |
192 | 18:23 | Drone | |
192 | 18:26 | Ultralisk | |
198 | 18:29 | Spore Crawler | |
198 | 18:30 | Drone | |
198 | 18:33 | Spore Crawler | |
197 | 18:34 | Spine Crawler | |
197 | 18:35 | Drone | |
197 | 18:36 | Drone | |
197 | 18:37 | Spine Crawler | |
197 | 18:38 | Drone | |
197 | 18:45 | Queen | |
197 | 18:48 | Zergling x2 | |
194 | 18:49 | Ultralisk | |
194 | 18:50 | Zergling x2, Viper | |
194 | 18:54 | Infestor | |
194 | 18:55 | Roach | |
199 | 18:56 | Roach | |
199 | 18:57 | Roach | |
199 | 18:58 | Hydralisk | |
199 | 19:00 | Roach | |
199 | 19:03 | Roach | |
199 | 19:05 | Hydralisk, Roach | |
199 | 19:07 | Roach | |
199 | 19:08 | Hydralisk | |
199 | 19:12 | Chitinous Plating | |
199 | 19:14 | Spore Crawler | |
199 | 19:15 | Drone | |
199 | 19:16 | Spore Crawler | |
199 | 19:17 | Roach | |
200 | 19:18 | Hydralisk, Drone | |
200 | 19:20 | Hydralisk | |
200 | 19:21 | Zergling x2 | |
200 | 19:23 | Roach | |
174 | 19:24 | Roach | |
174 | 19:26 | Infestor | |
174 | 19:27 | Zergling x2 | |
174 | 19:28 | Zergling x2 | |
174 | 19:29 | Hydralisk | |
174 | 19:31 | Hydralisk | |
176 | 19:33 | Hydralisk | |
180 | 19:39 | Infestor | |
180 | 19:41 | Ravager | |
180 | 19:44 | Roach | |
185 | 19:45 | Queen, Ravager | |
185 | 19:47 | Roach | |
190 | 19:55 | Extractor | |
190 | 19:56 | Drone, Infestor | |
190 | 19:57 | Drone, Extractor | |
190 | 19:58 | Drone, Roach, Extractor | |
190 | 19:59 | Extractor | |
195 | 20:00 | Drone, Roach | |
195 | 20:01 | Roach | |
198 | 20:07 | Hydralisk | |
198 | 20:08 | Roach | |
198 | 20:10 | Hydralisk | |
198 | 20:11 | Zergling x6 | |
198 | 20:12 | Zergling x2 | |
182 | 20:15 | Zergling x4, Roach | |
184 | 20:22 | Zergling x2 | |
184 | 20:23 | Zergling x2, Lurker | |
187 | 20:29 | Ravager | |
187 | 20:31 | Roach | |
187 | 20:33 | Hatchery | |
187 | 20:34 | Drone | |
187 | 20:35 | Ravager, Lurker | |
192 | 20:36 | Roach | |
192 | 20:37 | Roach | |
192 | 20:38 | Roach | |
198 | 20:53 | Viper, Spore Crawler | |
200 | 20:57 | Drone, Spine Crawler | |
200 | 21:00 | Drone, Spine Crawler | |
200 | 21:02 | Drone, Spore Crawler | |
200 | 21:03 | Spine Crawler | |
200 | 21:04 | Drone | |
200 | 21:25 | Overseer | |
200 | 21:40 | Drone | |
200 | 21:41 | Spine Crawler | |
200 | 21:43 | Drone | |
200 | 21:44 | Spore Crawler | |
200 | 21:45 | Zergling x2, Drone | |
200 | 21:48 | Zergling x2, Spore Crawler | |
200 | 21:49 | Drone | |
198 | 21:56 | Spine Crawler | |
198 | 21:59 | Spore Crawler | |